AoeStats
← BassAuthor12765

Arabia

510905222Analyzed
1v1 RM · 13h ago on Oct 3, 2026· 44m 59s· 2 players
Game mode
Random Map
Map size
Tiny (2 player)
Population
200
Speed
Normal
Resources
Standard
Victory
Conquest
Starting age
Dark Age
Ending age
Imperial Age
RankedLock teamsTeams togetherTeam positionsShared explorationLock speedFull tech treeHidden civsTurbo modeCheats
Victory
Defeat
🇮🇳 Saxons · India
953
+43
🇦🇷 Vietnamese · Argentina
962
-16
BassAuthor12765
6:16 Loom
9:19 Feudal Age
17:27 Fletching
19:45 Padded Archer Armor
21:42 Bloodlines
22:14 Forging
26:29 Castle Age
24:58 Scale Mail Armor
26:30 Crossbowman
27:08 Bodkin Arrow
27:49 Iron Casting
27:30 Chain Mail Armor
27:18 Squires
27:09 Gambesons
27:11 Arson
31:30 Double-Bit Axe
36:58 Bow Saw
36:31 Horse Collar
39:55 Wheelbarrow
40:22 Stone Mining
43:05 Imperial Age
42:11 Leather Archer Armor
43:06 Elite Varangian Guard
43:16 Shield Wall
43:26 Clerical Recruitment
44:39 Plate Mail Armor
44:29 Gold Mining
Burraza
9:41 Feudal Age
9:10 Loom
22:05 Castle Age
20:59 Horse Collar
21:13 Fletching
22:17 Padded Archer Armor
22:49 Elite Skirmisher
28:22 Bodkin Arrow
43:47 Double-Bit Axe
44:06 Heavy Plow
Connection lost

Rejoining the realm…

Still unreachable

The connection could not be restored.

Session expired

The server has moved on; the page needs a fresh start.